 Dungeon Crawl Stone Soup version 0.29.1-4-g47bece8355 (webtiles) character file.

Game seed: 1152809051406269225

149 GorkyZ the Twirler (level 5, -3/32 HPs)
             Began as a Gargoyle Gladiator on Dec 5, 2022.
             Killed from afar by Sigmund (6 damage)
             ... with a magic dart
             ... on level 2 of the Dungeon.
             The game lasted 00:03:49 (2180 turns).

GorkyZ the Twirler (Gargoyle Gladiator)             Turns: 2180, Time: 00:03:50

Health: -3/32      AC: 11    Str: 20    XL:     5   Next: 31%
Magic:  5/5        EV: 10    Int:  8    God:
Gold:   103        SH:  0    Dex: 11    Spells: 4/4 levels left

rFire   . . .      SeeInvis .   a - +1 quarterstaff
rCold   . . .      Faith    .   (shield currently unavailable)
rNeg    + . .      Spirit   .   j - +0 scale mail
rPois   ∞          Reflect  .   c - +0 helmet
rElec   +          Harm     .   (no cloak)
rCorr   .          Rampage  .   (no gloves)
Will    .....                   (no boots)
Stlth   ..........              (no amulet)
HPRegen 0.10/turn               (no ring)
MPRegen 0.09/turn               (no ring)

@: no status effects
A: sickness immunity, AC +4, negative energy resistance 1, electricity
resistance, torment resistance 1, petrification resistance
a: no special abilities


You were on level 2 of the Dungeon.
You visited 1 branch of the dungeon, and saw 2 of its levels.

You collected 103 gold pieces.

Inventory:

Hand Weapons
 a - a +1 quarterstaff (weapon)
Missiles
 d - 3 throwing nets
 e - a javelin
 h - 6 boomerangs (quivered)
Armour
 b - a +0 leather armour
 c - a +0 helmet (worn)
 j - a +0 scale mail (worn)
Jewellery
 l - a ring of protection from cold
Scrolls
 f - 2 scrolls of teleportation
 i - a scroll of identify {unknown}
Potions
 g - a potion of mutation {unknown}


   Skills:
 + Level 2.9 Fighting
 + Level 1.1 Axes
 + Level 3.4 Staves
 + Level 2.3 Throwing
 + Level 1.5 Armour
 + Level 2.8 Dodging
 + Level 1.6 Shields
 + Level 1.3 Evocations


You had 4 spell levels left.
You didn't know any spells.
Your spell library contained the following spells:

 Spells                   Type           Power      Damage    Failure   Level
 Foxfire                  Conj/Fire      0%         2x1d4     77%         1
 Conjure Flame            Conj/Fire      0%         6-21      98%         3
 Inner Flame              Hex/Fire       0%         N/A       98%         3
 Flame Wave               Conj/Fire      0%         2d4       100%        4


Dungeon Overview and Level Annotations

Branches:
Dungeon (2/15)

Altars:

Annotations:
D:2 Sigmund


Innate Abilities, Weirdness & Mutations

You are immune to sickness and miasma.
Your stone body is resilient. (AC +4)
You are immune to poison.
You resist negative energy. (rN+)
You are resistant to electric shocks. (rElec)
You are resistant to unholy torment.
You are immune to petrification.


Message History

The adder barely misses you.
You sock the adder!
You kill the adder!
The bat closely misses you. The bat hits you but does no damage.
The bat barely misses you. Something hits you but does no damage.
You closely miss the bat. The bat barely misses you. Something hits you.
You thump the bat!
You kill the bat!
The goblin shoots a sling bullet.
The sling bullet hits you but does no damage.
Something hits you.
The goblin unwields a +0 sling.
The goblin wields a +0 dagger.
The goblin misses you.
You hit the goblin but do no damage. The goblin hits you but does no damage.
Something hits you!
* * * LOW HITPOINT WARNING * * *
You thump the goblin!
You kill the goblin!
You hear some strange, mumbled words.
A puff of flame appears from out of thin air!
The puff of flame hits you but does no damage.
Something hits you but does no damage.
Things that are here:
a +0 dagger; a +0 sling; a goblin corpse Something hits you.
* * * LOW HITPOINT WARNING * * *
You hear some strange, mumbled words.
You are confused.
You bump into the rock wall.
A puff of flame appears from out of thin air!
The puff of flame hits you.
* * * LOW HITPOINT WARNING * * *
You bump into the rock wall.
You bump into the rock wall.
Something hits you but does no damage.
Unknown command.
You bump into the rock wall.
You feel less confused.
A magic dart appears from out of thin air!
The magic dart hits you.
You die...

... #..).... ...
####.....## ...
#.......... ####)#
#.##......# #....#
###.##......# #....#
#............ #....#
#..........##
#....########.....#.#....
#...){..@.........#.#####
#############.....#......
#.....####### #.....# #
#.....# # ####### # # # #


There were no monsters in sight!

Vanquished Creatures
  A gnoll bouda (D:2)
  Jessica (D:2)
  3 gnolls (D:2)
  An adder (D:2)
  6 ball pythons
  7 bats
  4 endoplasms
  5 giant cockroaches (D:1)
  5 goblins
  6 hobgoblins
  3 jackals (D:1)
  4 kobolds
  A quokka (D:2)
  A frilled lizard (D:1)
  4 rats
52 creatures vanquished.

Notes
Turn   | Place    | Note
-------+----------+-------------------------------------------
     0 | D:1      | GorkyZ the Gargoyle Gladiator began the quest for the Orb.
     0 | D:1      | Reached XP level 1. HP: 12/12 MP: 1/1
   129 | D:1      | Reached XP level 2. HP: 13/17 MP: 2/2
   924 | D:1      | Reached XP level 3. HP: 20/22 MP: 3/3
  1018 | D:1      | Found a faded altar of an unknown god.
  1283 | D:1      | Reached skill level 1 in Shields
  1544 | D:2      | Reached skill level 1 in Armour
  1544 | D:2      | Reached skill level 1 in Evocations
  1544 | D:2      | Reached XP level 4. HP: 7/27 MP: 4/4
  1897 | D:2      | Noticed Jessica
  1907 | D:2      | Killed Jessica
  1908 | D:2      | Reached skill level 1 in Axes
  1908 | D:2      | Reached XP level 5. HP: 21/32 MP: 5/5
  2148 | D:2      | Noticed Sigmund
  2180 | D:2      | Killed from afar by Sigmund

Illustrated notes

Levels and vault maps discovered:
D:1:      roderic_crop_circles_arrival_small, layout_basic,
          shapermc_ecumenical_altar_mp_urbaneastern
D:2:      layout_basic, uniq_jessica, uniq_sigmund

Skill      XL: |  1  2  3  4 |
---------------+-------------+-----
Throwing       | 2 |  2.3
Shields        | 1 |  1.6
Armour         | 1 |  1.5
Evocations     | 1 |  1.3
Axes           | 1 |  1.1
Fighting       | |  2.9
Staves         | |  3.4
Dodging        | |  2.8

Action                   |  1- 3 |  4- 6 || total
-------------------------+-------+-------++-------
Melee: Quarterstaff      |   124 |    72 ||   196
  Use: Scroll            |     5 |       ||     5
Armor: Leather armour    |    19 |       ||    19
       Scale mail        |    65 |    61 ||   126
Dodge: Dodged            |    87 |    66 ||   153
